 Dungeon Crawl Stone Soup version 0.20.2-3-g29329e0561 (webtiles) character file.

5247 Alfie the Slicer (level 10, -1/88 HPs)
             Began as a Hill Orc Fighter on Feb 7, 2023.
             Slain by Alfie's ghost (3 damage)
             ... on level 1 of the Lair of Beasts.
             The game lasted 00:26:10 (6856 turns).

Alfie the Slicer (Hill Orc Fighter)                 Turns: 6856, Time: 00:26:11

Health: -1/88      AC: 14    Str: 28    XL:     10   Next: 62%
Magic:  10/10      EV: 10    Int:  8    God:
Gold:   345        SH: 13    Dex: 10    Spells: 7/9 levels left

rFire    . . .     SeeInvis .   a - +2 rapier
rCold    . . .     Gourm    .   c - +1 shield
rNeg     . . .     Faith    .   b - +1 scale mail
rPois    .         Spirit   .   D - +1 helmet
rElec    .         Reflect  .   F - +0 cloak
rCorr    +         Harm     .   (no gloves)
MR       .....                  s - +0 pair of boots
Stlth    ..........             B - amulet of regeneration
Regen    0.7/turn               t - ring of resist corrosion
MPRegen  0.2/turn               (no ring)

@: mighty
A: no striking features
a: no special abilities


You were on level 1 of the Lair of Beasts.
You were not hungry.

You visited 2 branches of the dungeon, and saw 11 of its levels.

You collected 436 gold pieces.
You spent 91 gold pieces at shops.

Inventory:

Hand Weapons
 a - a +2 rapier (weapon)
Missiles
 y - 5 tomahawks (quivered)
Armour
 b - a +1 scale mail (worn)
 c - a +1 shield (worn)
 s - a +0 pair of boots (worn)
 D - a +1 helmet (worn)
 F - a +0 cloak (worn)
Jewellery
 e - an uncursed amulet of guardian spirit
 t - a ring of resist corrosion (left hand)
 v - a +6 ring of dexterity
 B - an amulet of regeneration (around neck)
 E - an uncursed ring of magical power
 J - an uncursed ring of protection from magic {unknown}
Wands
 w - a wand of flame (48/48)
 A - a wand of iceblast (13/15)
Scrolls
 h - 5 scrolls of teleportation
 i - 7 scrolls of remove curse
 m - 4 scrolls of amnesia
 p - 4 scrolls of magic mapping
 C - 2 scrolls of recharging
 I - 2 scrolls of identify
Potions
 g - a potion of brilliance {unknown}
 k - a potion of heal wounds {unknown}
 l - a potion of lignification {unknown}
 n - 3 potions of degeneration {unknown}
 o - 2 potions of flight {unknown}
 q - a potion of curing
 r - a potion of berserk rage {unknown}
 u - 3 potions of agility {unknown}
 x - 2 potions of haste {unknown}
 z - a potion of mutation {unknown}
 G - a potion of resistance {unknown}
Comestibles
 f - 3 bread rations
 j - 5 meat rations
 H - a royal jelly
 K - a fruit


   Skills:
 + Level 7.9 Fighting
 + Level 9.2 Short Blades
 + Level 1.6 Throwing
 + Level 7.8 Armour
 + Level 3.6 Dodging
 + Level 0.8 Stealth
 + Level 8.7 Shields


You had 7 spell levels left.
You knew the following spells:

 Your Spells              Type           Power        Failure   Level  Hunger
a - Corona                Hex            #......      89%         1    ##.....
b - Sting                 Conj/Pois      #...         89%         1    ##.....


Dungeon Overview and Level Annotations

Branches:
Dungeon (10/15)            Temple (0/1) D:7            Lair (1/6) D:10
    Orc: D:9-12

Altars:
Fedhas
Sif Muna
Trog
Vehumet

Shops:
D:9 ?

Annotations:
D:4 exclusion: oklob plant
D:6 Alfie's ghost, novice HOFi
Lair:1 Alfie's ghost, journeyman HOFi


Message History

Alfie's ghost barely misses you.
You barely miss Alfie's ghost.
Alfie's ghost is severely damaged.
You hit Alfie's ghost but do no damage.
Alfie's ghost is severely damaged.
You block Alfie's ghost's attack.
You hit Alfie's ghost but do no damage.
Alfie's ghost is severely damaged.
Alfie's ghost hits you.
* * * LOW HITPOINT WARNING * * *
x2 You closely miss Alfie's ghost.
Alfie's ghost is severely damaged.
You block Alfie's ghost's attack.
You puncture Alfie's ghost!
Alfie's ghost is severely damaged.
You hit Alfie's ghost.
Alfie's ghost is severely damaged.
Alfie's ghost hits you!
* * * LOW HITPOINT WARNING * * *
You die...

# ### ###### ##
#####.######.##.###P####
....)...................
....†.............>.....
......>.......†.@W......
....)...................
........................
###.####################
# ###


You could see Alfie's ghost.

Vanquished Creatures
  Pikel (D:7)
  A black mamba (Lair:1)
  3 hippogriffs
  2 wraiths (D:10)
  A wyvern (D:8)
  The ghost of Alfie the Skirmisher, an amateur HOFi (D:4)
  A hungry ghost (D:8)
  Duvessa (D:7)
  4 sky beasts
  A porcupine (Lair:1)
  A slave (D:7)
  An ice beast (D:8)
  A necrophage (D:7)
  A black bear (D:10)
  2 phantoms (D:9)
  5 ogres
  A crocodile (D:6)
  2 centaurs
  5 bullfrogs
  Dowan (D:7)
  2 scorpions
  3 killer bees
  2 bullfrog zombies
  4 crimson imps
  2 jellies
  3 hounds
  2 orc priests
  Crazy Yiuf (D:7)
  A bullfrog skeleton (D:4)
  A centaur skeleton (D:7)
  9 orc wizards
  3 worker ants
  2 adders (D:2)
  2 shadow imps
  2 adder zombies
  3 oozes
  3 adder skeletons
  2 worms
  2 dart slugs
  5 leopard geckos
  21 orcs
  2 ball pythons
  9 bats
  5 giant cockroaches
  8 goblins
  10 hobgoblins
  8 jackals
  9 kobolds
  2 quokkas
  8 frilled lizards
  A quokka skeleton (D:7)
  9 rats
  6 fungi
188 creatures vanquished.

Vanquished Creatures (others)
  A slave (D:7)
  An orc wizard (D:7)
  A gnoll (D:7)
3 creatures vanquished.

Grand Total: 191 creatures vanquished

Notes
Turn   | Place    | Note
-------+----------+-------------------------------------------
     0 | D:1      | Alfie the Hill Orc Fighter began the quest for the Orb.
     0 | D:1      | Reached XP level 1. HP: 19/19 MP: 1/1
   120 | D:1      | Reached XP level 2. HP: 20/27 MP: 2/2
   460 | D:1      | Reached XP level 3. HP: 28/33 MP: 3/3
   930 | D:2      | Reached XP level 4. HP: 40/40 MP: 4/4
  1698 | D:3      | Found a bloodstained altar of Trog.
  1827 | D:3      | Reached skill level 3 in Short Blades
  1960 | D:3      | Reached XP level 5. HP: 46/46 MP: 5/5
  2285 | D:4      | Found a blossoming altar of Fedhas.
  2296 | D:4      | Noticed an oklob plant
  2457 | D:4      | Noticed Alfie's ghost (amateur HOFi)
  2474 | D:4      | Killed Alfie's ghost
  2474 | D:4      | Reached skill level 4 in Short Blades
  2474 | D:4      | Reached XP level 6. HP: 30/52 MP: 6/6
  2488 | D:4      | Reached skill level 5 in Shields
  2527 | D:4      | Reached skill level 1 in Dodging
  2592 | D:4      | Reached XP level 7. HP: 18/60 MP: 7/7
  2922 | D:5      | Entered Level 5 of the Dungeon
  3010 | D:5      | Found a radiant altar of Vehumet.
  3092 | D:5      | Reached skill level 5 in Short Blades
  3191 | D:5      | Reached skill level 5 in Fighting
  3191 | D:5      | Reached skill level 5 in Armour
  3619 | D:6      | Noticed Alfie's ghost (novice HOFi)
  3623 | D:6      | Reached XP level 8. HP: 25/68 MP: 1/8
  3630 | D:6      | Reached skill level 6 in Short Blades
  4184 | D:6      | Found a deep blue altar of Sif Muna.
  4248 | D:7      | Noticed Duvessa
  4248 | D:7      | Noticed Dowan
  4255 | D:7      | Killed Duvessa
  4275 | D:7      | Killed Dowan
  4342 | D:7      | Reached skill level 7 in Short Blades
  4349 | D:7      | Noticed a hippogriff
  4370 | D:7      | Killed a hippogriff
  4370 | D:7      | Reached skill level 1 in Throwing
  4370 | D:7      | Reached XP level 9. HP: 35/74 MP: 4/9
  4560 | D:7      | Found a runed door.
  4564 | D:7      | Noticed Crazy Yiuf
  4571 | D:7      | Killed Crazy Yiuf
  4623 | D:7      | Noticed Pikel
  4664 | D:7      | Killed Pikel
  4724 | D:7      | Identified Mokh's Almanac of the Virous Snowflakes
  4800 | D:7      | Found a staircase to the Ecumenical Temple.
  5112 | D:8      | Reached skill level 8 in Short Blades
  5112 | D:8      | Paralysed by fainting for 5 turns
  5117 | D:8      | Paralysed by fainting for 5 turns
  5342 | D:8      | Found a bloodstained altar of Trog.
  5525 | D:8      | Learned a level 1 spell: Corona
  5527 | D:8      | Learned a level 1 spell: Sting
  5727 | D:8      | Reached XP level 10. HP: 56/86 MP: 10/10
  6347 | D:9      | Found Xufazufy's Magic Scroll Emporium.
  6387 | D:9      | Bought a scroll of teleportation for 39 gold pieces
  6387 | D:9      | Bought a scroll of identify for 26 gold pieces
  6387 | D:9      | Bought a scroll of identify for 26 gold pieces
  6524 | D:10     | Entered Level 10 of the Dungeon
  6572 | D:10     | Reached skill level 9 in Short Blades
  6639 | D:10     | Found a staircase to the Lair.
  6696 | Lair:1   | Entered Level 1 of the Lair of Beasts
  6806 | Lair:1   | Noticed a black mamba
  6815 | Lair:1   | Killed a black mamba
  6816 | Lair:1   | Noticed Alfie's ghost (journeyman HOFi)
  6842 | Lair:1   | HP: 2/88 [Alfie's ghost (14)]
  6856 | Lair:1   | HP: 2/88 [Alfie's ghost (8)]
  6856 | Lair:1   | Slain by Alfie's ghost

Skill      XL: |  1  2  3  4  5  6  7  8  9 10 |
---------------+-------------------------------+-----
Armour         | 4 5 6 7 |  7.8
Shields        | 4 5 6 7 8 |  8.7
Short Blades   | 3 4 5 7 8 9 |  9.2
Fighting       | 4 5 6 7 |  7.9
Dodging        | 1 2 3 |  3.6
Throwing       | 1 |  1.6
Stealth        | |  0.8

Action                   |  1- 3 |  4- 6 |  7- 9 | 10-12 || total
-------------------------+-------+-------+-------+-------++-------
Melee: Rapier            |   131 |   200 |   527 |   218 ||  1076
Throw: Tomahawk          |       |       |     4 |    12 ||    16
  Use: Scroll            |     2 |     4 |    16 |     3 ||    25
       Potion            |       |     1 |     4 |     3 ||     8
  Eat: Bread ration      |       |     1 |     3 |       ||     4
       Fruit             |       |     1 |       |       ||     1
       Royal jelly       |       |     1 |     1 |       ||     2
Armor: Scale mail        |    57 |    83 |   226 |    56 ||   422
Dodge: Dodged            |    55 |    50 |   134 |    40 ||   279
Block: Shield            |    84 |    94 |   276 |    99 ||   553
